 Dungeon Crawl Stone Soup version 0.27-a0-249-g74f53ef629 (webtiles) character file.

Game seed: 16068709150802603338

42 scarywalker64 the Chopper (level 3, 0/31 HPs)
             Began as a Minotaur Gladiator on Feb 4, 2021.
             Slain by a worker ant (6 damage)
             ... on level 4 of the Dungeon.
             The game lasted 00:02:16 (730 turns).

scarywalker64 the Chopper (Minotaur Gladiator)       Turns: 730, Time: 00:02:17

Health: 0/31       AC:  4    Str: 19    XL:     3   Next: 33%
Magic:  2/2        EV: 13    Int:  5    God:
Gold:   120        SH:  0    Dex: 11    Spells: 2/2 levels left

rFire    . . .     SeeInvis .   a - +0 war axe
rCold    . . .     Faith    .   (no shield)
rNeg     . . .     Spirit   .   b - +0 leather armour
rPois    .         Reflect  .   c - +0 hat
rElec    .         Harm     .   l - +0 cloak
rCorr    .         Rampage  .   (no gloves)
Will     .....                  (no boots)
Stlth    +.........             (no amulet)
HPRegen  0.10/turn              (no ring)
MPRegen  0.08/turn              (no ring)

@: lethally poisoned (0 -> -8)
A: retaliatory headbutt, horns 2
a: no special abilities


You were on level 4 of the Dungeon.
You visited 1 branch of the dungeon, and saw 4 of its levels.

You collected 120 gold pieces.

Inventory:

Hand Weapons
 a - a +0 war axe (weapon)
Missiles
 d - 4 throwing nets (quivered)
 g - 25 stones
 k - 16 arrows
Armour
 b - a +0 leather armour (worn)
 c - a +0 hat (worn)
 l - a +0 cloak (worn)
Scrolls
 f - a scroll of identify {unknown}
 j - a scroll of blinking {unknown}
Potions
 e - a potion of haste {unknown}
 h - a potion of cancellation {unknown}
 i - a potion of invisibility {unknown}
 m - a potion of lignification {unknown}


   Skills:
 * Level 3.1 Fighting
 - Level 4.0 Axes
 + Level 2.2 Throwing
 + Level 1.0 Armour
 + Level 3.9 Dodging


You had 2 spell levels left.
You didn't know any spells.
Your spell library was empty.

Dungeon Overview and Level Annotations

Branches:
Dungeon (4/15)
 Temple: D:4-7

Altars:


Innate Abilities, Weirdness & Mutations

You reflexively headbutt those who attack you in melee.
You have a pair of horns on your head.


Message History

You kill the jackal!
The worker ant closely misses you.
The jackal bites you but does no damage.
The worker ant bites you.
The jackal bites you but does no damage.
The jackal completely misses you. The worker ant closely misses you.
The jackal barely misses you. The worker ant barely misses you.
You furiously retaliate!
You headbutt the worker ant, but do no damage.
The jackal closely misses you. The worker ant barely misses you.
The jackal bites you but does no damage.
The worker ant bites you.
* * * LOW HITPOINT WARNING * * *
You are lethally poisoned!
The worker ant poisons you!
* * * LOW HITPOINT WARNING * * *
You feel sick.
The jackal bites you but does no damage.
The worker ant bites you.
You die...

.#.# # ##### ...
.##...# ..
.....###.###
#...##.....
#...##..###
######..B......#.#.
........ ####


You could see a worker ant and a jackal.

Vanquished Creatures
  An adder (D:2)
  An ooze (D:1)
  A leopard gecko (D:1)
  A giant cockroach (D:1)
  2 goblins
  3 hobgoblins (D:1)
  5 jackals
  4 kobolds (D:1)
  2 bats (D:1)
  2 frilled lizards
  5 rats
27 creatures vanquished.

Notes
Turn   | Place    | Note
-------+----------+-------------------------------------------
     0 | D:1      | scarywalker64 the Minotaur Gladiator began the quest for
                  | the Orb.
     0 | D:1      | Reached XP level 1. HP: 18/18 MP: 0/0
   277 | D:1      | Reached skill level 4 in Axes
   278 | D:1      | Reached XP level 2. HP: 25/25 MP: 1/1
   603 | D:2      | Reached XP level 3. HP: 24/30 MP: 2/2
   668 | D:2      | Reached skill level 1 in Armour
   730 | D:4      | Slain by a worker ant

Illustrated notes

Levels and vault maps discovered:
D:1:      amcnicky_arrival_double_pillar, layout_basic
D:2:      layout_rooms, kennysheep_okawaru_gauntlet,
          nicolae_qazlal_general_emergency, uniq_robin
D:3:      layout_loops_ring, old_standard_altar, chequers_serial_rivers_small_3,
          uniq_natasha
D:4:      layout_basic, minmay_temple_entry_overgrown, gup_sewer_entry_glass,
          uniq_ijyb

Skill      XL: |  1  2  3 |
---------------+----------+-----
Axes           | 4 |  4.0
Fighting       | 3 |  3.1
Armour         | 1 |  1.0
Throwing       | |  2.2
Dodging        | |  3.9

Action                   || total
-------------------------++-------
Melee: War axe           ||    33
       Headbutt          ||     1
Armor: Leather armour    ||    29
Dodge: Dodged            ||    68

Table legend: (Time is in decaauts)
 A = Elapsed time spent in this place.
 B = Non-inter-level travel time spent in this place.
 C = Inter-level travel time spent in this place.
 D = Time resting spent in this place.
 E = Time spent auto-exploring this place.
 F = Levels seen in this place.
 G = Mean time per level.
                   A        B        C        D        E       F      G
               +--------+--------+--------+--------+--------+-----+--------+
         Total |    739 |    727 |     12 |      0 |    403 |   4 |  184.8 |
       Dungeon |    739 |    727 |     12 |      0 |    403 |   4 |  184.8 |
               +--------+--------+--------+--------+--------+-----+--------+

Top non-repeatable levels by time:
     D:1: 605 daAuts
     D:2: 112 daAuts
     D:4: 16 daAuts
     D:3: 3 daAuts
